 Dungeon Crawl Stone Soup version 0.31-a0-229-g1fc7ce93e2 (webtiles) character file.

Game seed: 13459145105232796552

122 qw the Shooter (level 4, 0/36 HPs)
             Began as a Minotaur Hexslinger on July 6, 2023.
             Slain by a gnoll
             ... wielding a +0 club
              (6 damage)
             ... on level 2 of the Dungeon.
             The game lasted 00:00:41 (1467 turns).

qw the Shooter (Minotaur Hexslinger)                Turns: 1467, Time: 00:00:41

Health: 0/36       AC:  5    Str: 13    XL:     4   Next: 78%
Magic:  4/4        EV: 11    Int: 10    God:
Gold:   152        SH:  0    Dex: 14    Spells: 4/5 levels left

rFire   . . .        Y - +2 sling
rCold   . . .        (no shield)
rNeg    . . .        c - +0 ring mail
rPois   .            (helmet restricted)
rElec   .            (no cloak)
rCorr   +            (no gloves)
SInv    .            (no boots)
Will    .....        j - amulet of regeneration
Stlth   +            k - ring of resist corrosion
HPRegen 1.06/turn    (no ring)
MPRegen 0.09/turn

%: no passive effects
@: no status effects
A: horns 2, retaliatory headbutt
a: no special abilities


You were on level 2 of the Dungeon.
You visited 1 branch of the dungeon, and saw 3 of its levels.

You collected 152 gold pieces.


Innate Abilities, Weirdness & Mutations

You have a pair of horns on your head.
You reflexively headbutt those who attack you in melee.


   Skills:
 + Level 2.1 Fighting
 - Level 5.1 Ranged Weapons
 - Level 1.0 Armour
 - Level 2.1 Dodging
 - Level 1.0 Spellcasting
 - Level 2.0 Hexes


You had 4 spell levels left.
You knew the following spells:

 Your Spells              Type           Power      Damage    Failure   Level
a - Slow                  Hex            16%        N/A       32%         1

Your spell library contained the following spells:

 Spells                   Type           Power      Damage    Failure   Level
 Inner Flame              Hex/Fire       2%         N/A       82%         3
 Portal Projectile        Hex/Tloc       4%         N/A       82%         3
 Cause Fear               Hex            2%         N/A       97%         4

Inventory:

Hand Weapons
 Y - a +2 sling (weapon)
Armour
 c - a +0 ring mail (worn)
Jewellery
 f - a ring of fire
 j - an amulet of regeneration (around neck)
 k - a ring of resist corrosion (left hand)
Scrolls
 a - a scroll of identify
Potions
 h - a potion of enlightenment
 l - a potion of might

Dungeon Overview and Level Annotations

Branches:
Dungeon (3/15)

Altars:
Yredelemnul

Shops:
D:1 ?


Message History

You shoot a sling bullet. The sling bullet hits the gnoll!
You kill the gnoll!
The gnoll hits you with a +0 club.
Your Armour skill increases to level 1!
You shoot a sling bullet.
The sling bullet hits the gnoll but does no damage.
The gnoll hits you with a +0 club. x2
You shoot a sling bullet.
The sling bullet barely misses the gnoll.
The gnoll closely misses you.
You shoot a sling bullet. The sling bullet hits the gnoll.
The gnoll is lightly wounded.
The gnoll barely misses you.
You shoot a sling bullet.
The sling bullet closely misses the gnoll.
The gnoll hits you but does no damage.
You shoot a sling bullet.
The sling bullet barely misses the gnoll.
The gnoll hits you with a +0 club. The gnoll misses you.
You furiously retaliate!
You headbutt the gnoll! You shoot a sling bullet.
The sling bullet hits the gnoll.
The gnoll is almost dead.
The gnoll barely misses you.
You shoot a sling bullet. The sling bullet hits the gnoll.
The gnoll is almost dead.
The gnoll hits you with a +0 club.
You shoot a sling bullet.
The sling bullet completely misses the gnoll.
The gnoll completely misses you. The gnoll hits you with a +0 club.
You shoot a sling bullet.
The sling bullet closely misses the gnoll.
The gnoll closely misses you.
You shoot a sling bullet. The sling bullet hits the gnoll.
The gnoll is almost dead.
The gnoll hits you with a +0 club.
You shoot a sling bullet.
The sling bullet hits the gnoll but does no damage.
The gnoll is almost dead.
The gnoll hits you with a +0 club.
You die...

#...........# ###.....#....
###..###.###### #..#...)...#.
#....)...# #............
#.#......######## #.######..###
#.##.##.#.......###.##......# #
#....##.#.........#.##......###
#..##.#.#.###.###.#.#..._......
#..#....#.#...g.#..............
#.......#.#...@.#).............
####...##....)...)#.#...###.###
##.###.#.....#.#.........# #
#.# #.#.....#.##........# # #)#
#)###.###.......####### #.#
#.........../)...###...
#.#######....###.###.......
#.....#.......)..#.....~..~
#..................~...~~~~


You could see a gnoll.

Vanquished Creatures
  Jessica (D:2)
  2 gnolls (D:2)
  3 adders (D:2)
  A worm (D:2)
  2 dart slugs
  6 ball pythons
  4 endoplasms (D:2)
  4 goblins
  5 kobolds
  5 quokkas
  A bat (D:1)
  6 frilled lizards
  5 rats
45 creatures vanquished.

Notes
Turn   | Place    | Note
-------+----------+-------------------------------------------
     0 | D:1      | qw the Minotaur Hexslinger began the quest for the Orb.
     0 | D:1      | Reached XP level 1. HP: 16/16 MP: 1/1
     0 | D:1      | 0 ||| qw: Version: 0.3-a-46-gb1f654a
     0 | D:1      | 0 ||| qw: Game counter: 1389
     0 | D:1      | 0 ||| qw: Melee chars always use a shield: true
     0 | D:1      | 0 ||| qw: God list: Okawaru
     0 | D:1      | 0 ||| qw: Allow faded altars: false
     0 | D:1      | 0 ||| qw: Do Orc after clearing Dungeon:15 true
     0 | D:1      | 0 ||| qw: Do second Lair branch before Depths: true
     0 | D:1      | 0 ||| qw: Lair rune preference: random
     0 | D:1      | 0 ||| qw: Goals: Normal
     0 | D:1      | 0 ||| PLANNING D:1-11
    67 | D:1      | Found Tiulotoc's Magic Scroll Emporium.
    78 | D:1      | 78 ||| SHOPLISTING scroll of enchant weapon (105 gold, have
                  | 0).
    78 | D:1      | 78 ||| SHOPLISTING scroll of identify (28 gold, have 0).
    78 | D:1      | 78 ||| SHOPLISTING scroll of teleportation (42 gold, have
                  | 0).
   130 | D:1      | Reached skill level 3 in Ranged Weapons
   169 | D:1      | Reached XP level 2. HP: 16/23 MP: 2/2
   447 | D:1      | 447 ||| UPGRADING to +0 leather armour.
   457 | D:1      | 457 ||| DROPPING +0 robe.
   458 | D:1      | 458 ||| UPGRADING to amulet of regeneration.
   463 | D:1      | 463 ||| UPGRADING to ring of resist corrosion.
   464 | D:1      | 464 ||| READING 3 scrolls labelled RORAHAV QESOGG.
   465 | D:1      | 465 ||| READING scroll labelled IWIGAS JUPS.
   466 | D:1      | 466 ||| READING scroll labelled BAEQEGGIJYSM.
   470 | D:1      | 470 ||| DRINKING 2 lumpy yellow potions.
   471 | D:1      | 471 ||| READING 2 scrolls of identify.
   471 | D:1      | 471 ||| IDENTIFYING lumpy grey potion
   472 | D:1      | 472 ||| DROPPING scroll of poison.
   548 | D:2      | Reached XP level 3. HP: 26/29 MP: 3/3
   562 | D:2      | Noticed Jessica
   568 | D:2      | Killed Jessica
   569 | D:2      | Reached skill level 4 in Ranged Weapons
   668 | D:2      | Reached XP level 4. HP: 36/36 MP: 4/4
   825 | D:2      | Found a basalt altar of Yredelemnul.
   841 | D:2      | Reached skill level 5 in Ranged Weapons
  1391 | D:2      | 1391 ||| UPGRADING to +0 ring mail.
  1401 | D:2      | 1401 ||| DROPPING +0 leather armour.
  1402 | D:2      | 1402 ||| READING 3 scrolls labelled MAONAO LUTHRY.
  1403 | D:2      | 1403 ||| READING scroll labelled RYNUDI FUVVURGH.
  1404 | D:2      | 1404 ||| READING scroll labelled JIOSOL JOMP.
  1405 | D:2      | 1405 ||| READING 3 scrolls of identify.
  1405 | D:2      | 1405 ||| IDENTIFYING puce potion
  1406 | D:2      | 1406 ||| READING 2 scrolls of identify.
  1406 | D:2      | 1406 ||| IDENTIFYING green potion
  1407 | D:2      | 1407 ||| DROPPING 2 scrolls of fear.
  1408 | D:2      | 1408 ||| DROPPING potion of lignification.
  1409 | D:2      | 1409 ||| DROPPING potion of degeneration.
  1448 | D:3      | 1448 ||| STAIRDANCE
  1457 | D:2      | Reached skill level 1 in Armour
  1457 | D:2      | HP: 8/36 [gnoll/+0 club (5)]
  1463 | D:2      | HP: 8/36 [gnoll/+0 club (6)]
  1467 | D:2      | Slain by a gnoll

Levels and vault maps discovered:
D:1:      mushboom_english_gardens, layout_rooms, serial_shops,
          nicolae_square_shop
D:2:      layout_loops_cross, basic_altar, st_stairs_3, chequers_big_river,
          minmay_increasing_density, uniq_jessica
D:3:      cheibrodos_fertilizer, layout_basic,
          dreamdust_ecumenical_altar_angels_and_demons

Skill      XL: |  1  2  3  4 |
---------------+-------------+-----
Ranged Weapons | 3 4 5 |  5.1
Fighting       | 2 |  2.1
Armour         | 1 |  1.0
Dodging        | |  2.1
Spellcasting   | |  1.0
Hexes          | |  2.0

Action                     |  1- 3 |  4- 6 || total
---------------------------+-------+-------++-------
   Fire: Sling             |    79 |    69 ||   148
    Use: Scroll            |     4 |     5 ||     9
         Potion            |     1 |       ||     1
 Armour: Leather armour    |     3 |     8 ||    11
         Ring mail         |       |     4 ||     4
  Dodge: Dodged            |    13 |    32 ||    45

Table legend:
 A = Non-vault XP
 B = Vault XP
 C = Vault XP percentage of total XP
 D = Non-vault monster count
 E = Vault monster count
 F = Vault count percentage of total count
                 A         B        C        D         E       F
            +---------+---------+-------+---------+---------+-------
      Total |     100 |      75 |  42.9 |      36 |       9 |  20.0
            +---------+---------+-------+---------+---------+-------
        D:1 |      22 |       0 |   0.0 |      13 |       0 |   0.0
        D:2 |      78 |      75 |  49.0 |      23 |       9 |  28.1
            +---------+---------+-------+---------+---------+-------
